 Dungeon Crawl Stone Soup version 0.31-a0-37-g98a128e1d9 (webtiles) character file.

Game seed: 3825340084696599159

123 Nedwor the Cutter (level 4, -2/34 HPs)
             Began as a Demonspawn Gladiator on May 15, 2023.
             Slain by a gnoll
             ... wielding a +0 flail
              (5 damage)
             ... on level 3 of the Dungeon.
             The game lasted 00:02:40 (2418 turns).

Nedwor the Cutter (Demonspawn Gladiator)            Turns: 2418, Time: 00:02:40

Health: -2/34      AC: 11    Str: 16    XL:     4   Next: 79%
Magic:  4/4        EV:  8    Int:  9    God:
Gold:   148        SH:  0    Dex: 15    Spells: 3/3 levels left

rFire   . . .        a - +0 rapier
rCold   + . .        (no shield)
rNeg    . . .        n - +2 chain mail {rC+}
rPois   .            (helmet restricted)
rElec   .            (no cloak)
rCorr   .            (no gloves)
SInv    .            h - +0 pair of boots
Will    .....        (no amulet) Stlth
                     (no ring)
HPRegen 0.25/turn    (no ring)
MPRegen 0.09/turn

%: no passive effects
@: no status effects
A: antennae 1, foul stench 1
a: no special abilities


You were on level 3 of the Dungeon.
You visited 1 branch of the dungeon, and saw 3 of its levels.

You collected 148 gold pieces.

Inventory:

Hand Weapons
 a - a +0 rapier (weapon)
Missiles
 d - 3 throwing nets (quivered)
 e - a javelin
Armour
 h - a +0 pair of boots (worn)
 n - a +2 chain mail of cold resistance (worn)
Jewellery
 c - an amulet of faith
Scrolls
 f - 2 scrolls of teleportation {unknown}
 i - a scroll of identify {unknown}
Potions
 b - a potion of might {unknown}
 j - a potion of invisibility {unknown}
 k - a potion of brilliance {unknown}
 l - a potion of resistance {unknown}
 m - a potion of heal wounds {unknown}


   Skills:
 + Level 2.9 Fighting
 + Level 3.5 Short Blades
 + Level 2.6 Throwing
 + Level 3.4 Dodging


You had 3 spell levels left.
You didn't know any spells.
Your spell library contained the following spells:

 Spells                   Type           Power      Damage    Failure   Level
 Lesser Beckoning         Tloc           0%         N/A       100%        2
 Gell's Gravitas          Tloc           0%         N/A       100%        3
 Teleport Other           Tloc           0%         N/A       100%        3


Dungeon Overview and Level Annotations

Branches:
Dungeon (3/15)

Altars:
Xom


Innate Abilities, Weirdness & Mutations

You have a pair of small antennae on your head.
You may rarely emit foul miasma when damaged in melee.


Message History

The gnoll is lightly wounded.
The gnoll completely misses you.
You hit the gnoll.
The gnoll is moderately wounded.
The gnoll closely misses you.
You hit the gnoll.
The gnoll is heavily wounded.
The gnoll hits you with a +0 whip.
* * * LOW HITPOINT WARNING * * *
You closely miss the gnoll.
The gnoll is heavily wounded.
The gnoll hits you with a +0 whip.
* * * LOW HITPOINT WARNING * * *
You hit the gnoll.
The gnoll is severely wounded.
The gnoll barely misses you.
You hit the gnoll.
The gnoll is almost dead.
The gnoll barely misses you.
You closely miss the gnoll.
The gnoll is almost dead.
The gnoll hits you with a +0 whip.
* * * LOW HITPOINT WARNING * * *
You closely miss the gnoll.
The gnoll is almost dead.
The gnoll closely misses you.
You hit the gnoll.
You kill the gnoll!
You barely miss the gnoll. The gnoll hits you with a +0 flail.
* * * LOW HITPOINT WARNING * * *
You hit the gnoll.
The gnoll is moderately wounded.
The gnoll barely misses you.
You closely miss the gnoll.
The gnoll is moderately wounded.
The gnoll hits you but does no damage.
You hit the gnoll.
The gnoll is heavily wounded.
The gnoll hits you with a +0 flail.
You die...

#....# .. #...[# #.#
#....# #.# #....### #.#
##......######.#
#............#.## ##
#.####.##....#..# ..# #.#
#.####.....##...# #.#
#.####.....@g._.# #.#
#......##..##...# #.#
#......##..# ..# #.#
#......##..### ## #.#
#<...........#
#.######.)........#
..................#####
.............#........###
.............##..........


You could see a gnoll.

Vanquished Creatures
  5 gnolls
  2 adders (D:2)
  A worm (D:2)
  3 bats
  5 endoplasms
  A giant cockroach (D:2)
  5 goblins
  4 hobgoblins
  6 jackals
  3 quokkas
  5 ball pythons
  2 frilled lizards
  6 kobolds
  3 rats (D:2)
51 creatures vanquished.

Notes
Turn   | Place    | Note
-------+----------+-------------------------------------------
     0 | D:1      | Nedwor the Demonspawn Gladiator began the quest for the
                  | Orb.
     0 | D:1      | Reached XP level 1. HP: 16/16 MP: 1/1
     3 | D:1      | Noticed an electric eel
     4 | D:1      | Noticed an electric eel
    91 | D:1      | Gained mutation: You may rarely emit foul miasma when
                  | damaged in melee. [demonic ancestry]
    91 | D:1      | Reached XP level 2. HP: 19/22 MP: 2/2
   980 | D:2      | Reached XP level 3. HP: 27/28 MP: 3/3
  2131 | D:2      | Gained mutation: You have a pair of small antennae on your
                  | head. [demonic ancestry]
  2131 | D:2      | Reached XP level 4. HP: 27/34 MP: 4/4
  2387 | D:3      | Found a shimmering altar of Xom.
  2418 | D:3      | Slain by a gnoll

Illustrated notes

Levels and vault maps discovered:
D:1:      arrival_aquarium_b, layout_basic, minmay_indecisive_spiral
D:2:      layout_basic
D:3:      layout_rooms, mainiacjoe_overflow_chevrons,
          mainiacjoe_overflow_alcove_2, minmay_door_square, minmay_rat_hole

Skill      XL: |  1  2 |
---------------+-------+-----
Throwing       | 2 |  2.6
Short Blades   | 3 |  3.5
Dodging        | 3 |  3.4
Fighting       | |  2.9

Action                     |  1- 3 |  4- 6 || total
---------------------------+-------+-------++-------
  Melee: Rapier            |   140 |    42 ||   182
         Punch             |     1 |     1 ||     2
   Stab: Sleeping          |     1 |       ||     1
 Armour: Scale mail        |    49 |       ||    49
         Leather armour    |     3 |       ||     3
         Chain mail        |       |    10 ||    10
  Dodge: Dodged            |    87 |    17 ||   104

Table legend: (Time is in decaauts)
 A = Elapsed time spent in this place.
 B = Non-inter-level travel time spent in this place.
 C = Inter-level travel time spent in this place.
 D = Time resting spent in this place.
 E = Time spent auto-exploring this place.
 F = Levels seen in this place.
 G = Mean time per level.
                   A        B        C        D        E       F      G
               +--------+--------+--------+--------+--------+-----+--------+
         Total |   2427 |   2311 |    116 |     86 |   1825 |   3 |  809.0 |
       Dungeon |   2427 |   2311 |    116 |     86 |   1825 |   3 |  809.0 |
               +--------+--------+--------+--------+--------+-----+--------+

Top non-repeatable levels by time:
     D:2: 1253 daAuts
     D:1: 967 daAuts
     D:3: 205 daAuts
